 Dungeon Crawl Stone Soup version 0.27-a0-419-g7a85846853 (webtiles) character file.

Game seed: 11174497119816963993

64 Chiseanne the Skirmisher (level 3, -6/30 HPs)
             Began as a Demonspawn Wanderer on Feb 26, 2021.
             Mangled by a worker ant (8 damage)
             ... on level 3 of the Dungeon.
             The game lasted 00:02:17 (2567 turns).

Chiseanne the Skirmisher (Demonspawn Wanderer)      Turns: 2567, Time: 00:02:18

Health: -6/30      AC:  2    Str: 10    XL:     3   Next: 91%
Magic:  3/3        EV: 12    Int: 14    God:
Gold:   54         SH:  8    Dex: 14    Spells: 2/2 levels left

rFire    . . .     SeeInvis .   a - +2 mace
rCold    . . .     Faith    .   g - +0 buckler
rNeg     + . .     Spirit   .   e - +0 robe
rPois    .         Reflect  .   (no helmet)
rElec    .         Harm     .   (no cloak)
rCorr    .         Rampage  .   (no gloves)
Will     .....                  (no boots)
Stlth    ++........             (no amulet)
HPRegen  0.10/turn              h - ring of positive energy
MPRegen  0.08/turn              (no ring)

@: lethally poisoned (-6 -> -10)
A: condensation shield
a: no special abilities


You were on level 3 of the Dungeon.
You visited 1 branch of the dungeon, and saw 3 of its levels.

You collected 54 gold pieces.

Inventory:

Hand Weapons
 a - a +2 mace (weapon)
 b - a +0 shortbow
 f - a +0 dagger
Missiles
 c - 26 arrows
 i - 49 stones (quivered)
Armour
 e - a +0 robe (worn)
 g - a +0 buckler (worn)
Jewellery
 h - a ring of positive energy (left hand)
Potions
 d - a potion of curing
 k - a potion of haste {unknown}
 l - 2 potions of resistance


   Skills:
 * Level 3.7 Fighting
 - Level 1.0 Maces & Flails
 - Level 1.0 Armour
 * Level 2.7 Dodging
 - Level 2.6 Stealth
 * Level 1.5 Shields


You had 2 spell levels left.
You didn't know any spells.
Your spell library was empty.

Dungeon Overview and Level Annotations

Branches:
Dungeon (3/15)

Altars:


Innate Abilities, Weirdness & Mutations

A meltable shield of frost defends you. (SH +4)


Message History

You block the worker ant's attack.
You closely miss the worker ant.
The worker ant is heavily wounded.
You feel sick. The worker ant bites you. The worker ant bites you!
* * * LOW HITPOINT WARNING * * *
You are too injured to fight recklessly!
You are too injured to fight recklessly!
You are too injured to fight recklessly!
You are too injured to fight recklessly!
You are too injured to fight recklessly!
You are too injured to fight recklessly!
You are too injured to fight recklessly!
You are too injured to fight recklessly!
You are too injured to fight recklessly!
You are too injured to fight recklessly!
You are too injured to fight recklessly!
You are too injured to fight recklessly!
You are too injured to fight recklessly!
You are too injured to fight recklessly!
You are too injured to fight recklessly!
You are too injured to fight recklessly!
You are too injured to fight recklessly!
You barely miss the worker ant.
The worker ant is heavily wounded.
You feel sick. You block the worker ant's attack.
You hit the worker ant.
The worker ant is heavily wounded.
You block the worker ant's attack. x2
You hit the worker ant but do no damage.
The worker ant is heavily wounded.
You feel sick. The worker ant barely misses you.
You hit the worker ant but do no damage.
The worker ant is heavily wounded.
The worker ant bites you.
* * * LOW HITPOINT WARNING * * *
The worker ant closely misses you.
You hit the worker ant.
The worker ant is severely wounded.
The worker ant bites you!
You die...

...#.....### #####
.....###...#
##.... ###.#
##..#.####.####..
..................
...###..####.##...
##...†......
#.†####.#.##. #@##
# .. ......B.# .
...###..# ...#
###.. ###


You could see a worker ant.

Vanquished Creatures
  3 adders
  A worm (D:3)
  A dart slug (D:2)
  2 giant cockroaches
  4 goblins
  3 hobgoblins (D:1)
  5 kobolds
  A quokka (D:3)
  8 bats
  2 frilled lizards
  5 rats
35 creatures vanquished.

Notes
Turn   | Place    | Note
-------+----------+-------------------------------------------
     0 | D:1      | Chiseanne the Demonspawn Wanderer began the quest for the
                  | Orb.
     0 | D:1      | Chiseanne set off with the following items: a +2 mace, a +0
                  | shortbow, 26 arrows, a potion of curing, a +0 robe, a +0
                  | dagger
     0 | D:1      | Reached XP level 1. HP: 18/18 MP: 1/1
   348 | D:1      | Gained mutation: A meltable shield of frost defends you.
                  | (SH +4) [demonic ancestry]
   348 | D:1      | Reached XP level 2. HP: 20/24 MP: 2/2
  1111 | D:1      | Reached skill level 1 in Shields
  1532 | D:2      | Reached XP level 3. HP: 29/29 MP: 3/3
  1875 | D:2      | HP: 1/30 [poisoned by an adder]
  2567 | D:3      | Mangled by a worker ant

Illustrated notes

Levels and vault maps discovered:
D:1:      amcnicky_arrival_gap_in_the_tavern_cellar, layout_loops_corners,
          amcnicky_mini_pool_small
D:2:      layout_basic, nicolae_ru_great_annihilating_truth
D:3:      layout_rooms, portal_sewer_entry_d, uniq_natasha

Skill      XL: |  1  2 |
---------------+-------+-----
Dodging        | 2 |  2.7
Shields        | 1 |  1.5
Fighting       | |  3.7
Maces & Flails | |  1.0
Armour         | |  1.0
Stealth        | |  2.6

Action                   || total
-------------------------++-------
Melee: Mace              ||    91
  Use: Scroll            ||     2
 Stab: Sleeping          ||     4
Armor: Robe              ||    17
Dodge: Dodged            ||    49
Block: Buckler           ||    33

Table legend: (Time is in decaauts)
 A = Elapsed time spent in this place.
 B = Non-inter-level travel time spent in this place.
 C = Inter-level travel time spent in this place.
 D = Time resting spent in this place.
 E = Time spent auto-exploring this place.
 F = Levels seen in this place.
 G = Mean time per level.
                   A        B        C        D        E       F      G
               +--------+--------+--------+--------+--------+-----+--------+
         Total |   2604 |   2516 |     88 |    861 |   1376 |   3 |  868.0 |
       Dungeon |   2604 |   2516 |     88 |    861 |   1376 |   3 |  868.0 |
               +--------+--------+--------+--------+--------+-----+--------+

Top non-repeatable levels by time:
     D:1: 1261 daAuts
     D:2: 1045 daAuts
     D:3: 298 daAuts
